AoeStats
← LMB. LouisLitt

Pilgrims

509996003Analyzed
2v2 RM · 5d ago on Sep 29, 2026· 50m 51s· 4 players
Game mode
Random Map
Map size
Medium (4 player)
Population
200
Speed
Normal
Resources
Standard
Victory
Conquest
Starting age
Dark Age
Ending age
Imperial Age
RankedLock teamsTeams togetherTeam positionsShared explorationLock speedFull tech treeHidden civsTurbo modeCheats
Victory
Defeat
🇨🇦 Mongols · Canada
1238
+16
🇨🇦 Varangians · Canada
1195
+17
🇨🇦 Vikings · Canada
1227
-17
🇦🇷 Persians · Argentina
1225
-16
LMB. LouisLitt
9:41 Loom
12:27 Feudal Age
14:42 Double-Bit Axe
16:56 Fishing Lines
19:37 Castle Age
17:35 Horse Collar
18:21 Fletching
20:38 Medium Warships
20:31 Bodkin Arrow
21:47 Forging
25:59 Bow Saw
27:21 Stone Mining
27:51 Gillnets
31:32 Padded Archer Armor
41:05 Imperial Age
38:35 Horse Collar
42:05 Heavy Plow
45:21 Bracer
47:42 Thumb Ring
49:14 Chemistry
48:46 Ballistics
49:23 Leather Archer Armor
LMB.TheDutchKing
9:07 Loom
12:24 Feudal Age
14:20 Fishing Lines
15:11 Double-Bit Axe
20:21 Castle Age
19:10 Stone Mining
19:14 Horse Collar
22:05 Bow Saw
21:47 Gold Mining
30:50 Wheelbarrow
32:12 Town Watch
33:40 Stone Shaft Mining
35:48 Hand Cart
36:55 Forging
37:22 Scale Barding Armor
38:18 Heavy Plow
39:35 Chain Barding Armor
39:50 Iron Casting
43:52 Imperial Age
44:34 Iron Casting
43:50 Fletching
45:29 Elite Jarl
46:31 Conscription
46:49 Plate Barding Armor
47:14 Blast Furnace
50:16 Caravan
Tkbez
6:09 Loom
8:26 Loom
10:13 Feudal Age
16:11 Castle Age
15:06 Gold Mining
16:48 Medium Warships
16:56 Husbandry
21:58 Double-Bit Axe
38:30 Loom
46:01 Imperial Age
44:50 Bloodlines
45:23 Husbandry
45:55 Cavalier
48:10 Scale Barding Armor
bachewka
3:22 Loom
10:11 Feudal Age
13:35 Fletching
17:10 Castle Age
15:47 Double-Bit Axe
16:37 Arson
17:59 Squires
18:58 Medium Warships
19:57 Medium Warships
27:17 Pikeman
28:30 Horse Collar
29:06 Bow Saw
32:27 Scale Mail Armor
33:39 Chain Mail Armor
33:58 Forging
36:29 Imperial Age
36:27 Town Watch
36:37 Capped Ram
38:07 Heavy Plow
38:35 Onager
38:53 Elite Skirmisher
40:49 Crop Rotation
42:08 Crossbowman
43:32 Ballistics
49:38 Arbalester
50:26 Padded Archer Armor
51:57 Chemistry
51:19 Bodkin Arrow
Connection lost

Rejoining the realm…

Still unreachable

The connection could not be restored.

Session expired

The server has moved on; the page needs a fresh start.